 Seeded DCSS version 0.26.1-11-gd32895ea62 (webtiles) character file.

Game seed: 13435453013147752700 (custom seed)

278675 wilfster70 the Warrior (level 20, -6/164 HPs)
             Began as a Gnoll Ice Elementalist on June 8, 2021.
             Was the Champion of Ashenzari.
             Killed from afar by a lich (53 damage)
             ... with a bolt of fire
             ... on level 3 of the Vaults on June 11, 2021.
             The game lasted 02:47:30 (50839 turns).

wilfster70 the Warrior (Gnoll Ice Elementalist)    Turns: 50839, Time: 02:47:31

Health: -6/164     AC: 26    Str: 18    XL:     20   Next: 43%
Magic:  32/38      EV: 24    Int: 27    God:    Ashenzari [******]
Gold:   1321       SH: 22    Dex: 20    Spells: 8/47 levels left

rFire    . . .     SeeInvis +   a - +8 trident of Debt {freeze, Str+4 Dex+5} (curse)
rCold    . . .     Faith    .   O - +2 kite shield {AC+3} (curse)
rNeg     + . .     Spirit   .   P - quicksilver dragon scales
rPois    +         Reflect  +   A - +2 hat {Will+} (curse)
rElec    .         Harm     .   h - +1 cloak (curse)
rCorr    .         Rampage  .   x - +2 pair of gloves (curse)
Will     +++++     Clarity  +   (no boots)
Stlth    +++++.....             B - amulet of reflection (curse)
HPRegen  0.37/turn              G - ring of Iqimaos {rPois rN+ Will+ Int+3} (curse)
MPRegen  0.26/turn              L - ring "Ysepid" {Will+ Slay+3} (curse)

@: studying Fighting
A: distributed training, fangs 1, strong nose
}: 2/15 runes: serpentine, barnacled
a: Renounce Religion, Curse Item, Scrying


You were on level 3 of the Vaults.
You worshipped Ashenzari.
Ashenzari was exalted by your worship.
You visited 6 branches of the dungeon, and saw 34 of its levels.
You also visited: Trove, Bailey and Volcano.

You collected 3922 gold pieces.
You spent 2601 gold pieces at shops.

Inventory:

Hand Weapons
 a - the cursed +8 trident of Debt (weapon) {freeze, Str+4 Dex+5}
   (You found it on level 11 of the Dungeon)

   It has been specially enchanted to freeze those struck by it, causing extra
   injury to most foes and up to half again as much damage against particularly
   susceptible opponents.
   It can also slow down cold-blooded creatures.
   It affects your strength (+4).
   It affects your dexterity (+5).
   It has a curse placed upon it.
 b - a +6 vorpal demon trident
Missiles
 m - 168 poisoned darts
Armour
 h - a cursed +1 cloak (worn)
 x - a cursed +2 pair of gloves (worn)
 A - a cursed +2 hat of willpower (worn)
 O - a cursed +2 kite shield of protection (worn)
 P - quicksilver dragon scales (worn)
Jewellery
 k - an uncursed ring of protection from fire
 B - a cursed amulet of reflection (around neck)
 G - the cursed ring of Iqimaos (left hand) {rPois rN+ Will+ Int+3}
   (You bought it in a shop on level 2 of the Orcish Mines)

   [ring of positive energy]

   It affects your intelligence (+3).
   It protects you from poison.
   It protects you from negative energy.
   It affects your willpower, your defense against some magical effects.
   It has a curse placed upon it.
 L - the cursed ring "Ysepid" (right hand) {Will+ Slay+3}
   (You found it in a treasure trove)

   [ring of willpower]

   It affects your accuracy and damage with ranged weapons and melee attacks
   (+3).
   It affects your willpower, your defense against some magical effects.
   It has a curse placed upon it.
 M - an uncursed amulet of guardian spirit
 N - the ring "Leujun" {rC+ rCorr}
   (You found it in a treasure trove)

   [ring of resist corrosion]

   It protects you from cold.
   It provides partial protection from all sources of acid and corrosion.
Wands
 v - a wand of random effects (54)
 D - a wand of acid (26)
 E - a wand of polymorph (23)
 I - a wand of flame (58)
 R - a wand of iceblast (18)
 S - a wand of enslavement (13)
 T - a wand of digging (5)
 X - a wand of paralysis (22)
Scrolls
 g - 8 scrolls of amnesia
 n - 5 scrolls of magic mapping
 t - 7 scrolls of remove curse
 u - 4 scrolls of blinking
 w - 2 scrolls of immolation
 y - 5 scrolls of fog
 J - 12 scrolls of teleportation
 Q - 2 scrolls of fear
 U - a scroll of summoning
Potions
 c - 3 potions of invisibility
 d - 4 potions of haste
 e - 7 potions of might
 f - 2 potions of berserk rage
 i - 4 potions of brilliance
 l - 3 potions of mutation
 o - 9 potions of heal wounds
 p - 8 potions of lignification
 q - 3 potions of flight
 s - 2 potions of cancellation
 z - 13 potions of curing
 C - a potion of ambrosia
 F - 4 potions of resistance
 H - 3 potions of magic
Books
 Y - a manual of Fighting
Miscellaneous
 j - a box of beasts


   Skills:
 + Level 15.9 Fighting
 + Level 13.3 Short Blades
 + Level 13.3 Long Blades
 + Level 13.3 Axes
 + Level 13.3 Maces & Flails
 + Level 13.3(17.4) Polearms
 + Level 13.3 Staves
 + Level 13.3 Slings
 + Level 13.3 Bows
 + Level 13.3 Crossbows
 + Level 13.3 Throwing
 + Level 13.3(16.0) Armour
 + Level 14.0(16.6) Dodging
 + Level 13.9 Stealth
 + Level 13.3(16.0) Shields
 + Level 13.3 Unarmed Combat
 + Level 14.1 Spellcasting
 + Level 11.5(15.6) Conjurations
 + Level 11.5(15.6) Hexes
 + Level 11.5(15.6) Summonings
 + Level 11.5(15.6) Necromancy
 + Level 11.5(15.6) Translocations
 + Level 11.5(15.6) Transmutations
 + Level 11.5(15.6) Fire Magic
 + Level 13.2(17.3) Ice Magic
 + Level 11.5(15.6) Air Magic
 + Level 11.5(15.6) Earth Magic
 + Level 11.5(15.6) Poison Magic
 + Level 14.4 Invocations
 + Level 13.3(17.4) Evocations


You had 8 spell levels left.
You knew the following spells:

 Your Spells              Type           Power        Failure   Level
a - Summon Ice Beast      Ice/Summ       83%          1%          4
b - Frozen Ramparts       Ice            100%         0%          3
c - Iron Shot             Conj/Erth      40%          1%          6
d - Borgnjor's Vile Clut  Necr/Erth      40%          1%          5
e - Ignition              Fire           40%          41%         8
f - Invisibility          Hex            81%          1%          6
g - Spellforged Servitor  Conj/Summ      40%          5%          7

Your spell library contained the following spells:

 Spells                   Type           Power        Failure   Level
 Animate Skeleton         Necr           100%         0%          1
 Apportation              Tloc           100%         0%          1
 Corona                   Hex            90%          0%          1
 Freeze                   Ice            100%         0%          1
 Magic Dart               Conj           100%         0%          1
 Pain                     Necr           100%         0%          1
 Summon Small Mammal      Summ           100%         0%          1
 Blink                    Tloc           N/A          0%          2
 Call Imp                 Summ           81%          0%          2
 Ensorcelled Hibernation  Hex/Ice        100%         0%          2
 Slow                     Hex            81%          0%          2
 Ozocubu's Armour         Ice            84%          0%          3
 Conjure Flame            Conj/Fire      81%          1%          3
 Lesser Beckoning         Tloc           40%          1%          3
 Mephitic Cloud           Conj/Pois/Air  81%          1%          3
 Static Discharge         Conj/Air       81%          1%          3
 Tukima's Dance           Hex            81%          1%          3
 Vampiric Draining        Necr           40%          1%          3
 Animate Dead             Necr           40%          1%          4
 Hailstorm                Conj/Ice       83%          1%          4
 Agony                    Necr           81%          1%          5
 Alistair's Intoxication  Tmut/Pois      54%          1%          5
 Bolt of Magma            Conj/Fire/Erth 40%          1%          5
 Iskenderun's Battlesphe  Conj           81%          1%          5
 Lightning Bolt           Conj/Air       40%          1%          5
 Silence                  Hex/Air        40%          1%          5
 Shadow Creatures         Summ           N/A          1%          6
 Orb of Destruction       Conj           40%          5%          7
 Shatter                  Erth           40%          100%        9
 Tornado                  Air            40%          100%        9


Dungeon Overview and Level Annotations

Branches:
Dungeon (15/15)            Temple (0/1) D:6            Lair (6/6) D:10
 Shoals (4/4) Lair:2        Snake (4/4) Lair:2        Slime (0/5) Lair:5
    Orc (2/2) D:12            Elf (0/3) Orc:2        Vaults (3/5) D:14
 Depths (0/5) D:15         Bailey (visited)         Volcano (visited)
  Crypt: Vaults:2-3

Altars:
Ashenzari
Elyvilon
Hepliaklqana
Nemelex Xobeh
Okawaru
Trog
Xom
The Shining One
Jiyva

Shops:
D:8 :   D:14 *   Orc:2 ==*?   Snake:2 ?

Annotations:
D:4 exclusions: 2 killer bees and ogre
D:6 2 transporters, pablopetrus's ghost, novice HuBr
Lair:1 2 transporters, ZZKoverts's ghost, journeyman HaHu
Lair:3 exclusion: oklob plant
Lair:6 exclusion: 3 doors


Innate Abilities, Weirdness & Mutations

Your experience applies equally to all skills.
You have very sharp teeth.
Your uncanny sense of smell can sniff out nearby items.


Message History

You are too injured to fight recklessly!
You are too injured to fight recklessly!
You are too injured to fight recklessly!
You are too injured to fight recklessly!
Reach: a) +8 trident of Debt {freeze, Str+4 Dex+5} (curse)
Press: ? - help, Dir - move target, f/p - lich
Aim: a lich (lightly damaged, constricted by zombie hands)
You reach to attack!
You hit the lich.
The lich is lightly damaged.
The zombie hands constrict the lich.
The lich struggles to escape constriction.
Reach: a) +8 trident of Debt {freeze, Str+4 Dex+5} (curse)
Press: ? - help, Dir - move target, f/p - lich
Aim: a lich (lightly damaged, constricted by zombie hands)
You reach to attack!
You hit the lich.
The lich is lightly damaged.
The zombie hands constrict the lich!
The lich gestures at you while chanting.
The bolt of fire hits you!!!
You die...

#### #.#.#)).#.#.#
######################(#####
...........................#
...........................#
...........................#
...........................#
.....ยง.........L...........#
################'##'########
#.@....# #......# #......#
#......# #......# #^.....# *
* #......# ,,,* #......# ,
#......#


You could see a lich (clutched).

Vanquished Creatures
  Rupert (Orc:2)
  Jorgrun (Orc:2)
  9 nagarajas
  4 vault wardens (Vaults:2)
  6 ironheart preservers
  2 stone giants (Vaults:2)
  A deep elf death mage (Vaults:1)
  6 merfolk impalers
  Snorg (Orc:1)
  A merfolk javelineer (Shoals:4)
  An ettin (D:15)
  4 fire dragons
  6 ogre magi
  6 yaktaur captains
  Josephine (Lair:4)
  6 hydras
  2 vault guards
  2 alligator snapping turtles
  Harold (Orc:1)
  5 boulder beetles
  Fannar (Lair:1)
  2 rakshasas
  7 anacondas
  10 naga warriors
  An ice dragon (Vaults:2)
  5 centaur warriors
  15 two-headed ogres
  A merfolk avatar (Shoals:4)
  A tengu warrior (D:14)
  2 satyrs
  4 merfolk aquamancers (Shoals:4)
  A death knight (Vaults:2)
  7 death yaks
  A deep troll shaman (Vaults:2)
  11 naga sharpshooters
  A deep troll earth mage (Vaults:2)
  3 orc high priests (Orc:2)
  4 shock serpents
  A fire crab (shapeshifter) (Vaults:2)
  8 deep elf knights
  7 skeletal warriors (Vaults:2)
  Nergalle (D:11)
  3 unseen horrors
  A fire crab (Lair:6)
  2 deep trolls
  A wolf spider zombie (D:15)
  16 sea snakes
  2 lindwurms (Volcano)
  19 harpies
  9 ironbrand convokers
  12 orc knights
  25 ugly things
  3 naga ritualists
  27 fauns
  2 orb spiders (shapeshifter) (Vaults:2)
  10 deep elf magi
  A deep elf archer (Vaults:3)
  A wolf spider (Vaults:3)
  4 cyclopes
  9 mana vipers
  6 orc sorcerers
  16 manticores
  7 salamanders
  5 merfolk sirens
  2 toenail golems (Volcano)
  A centaur zombie (D:15)
  11 elephants
  12 vault sentinels
  2 water nymphs
  33 black mambas
  11 naga magi
  3 molten gargoyles (Volcano)
  A torpor snail (Lair:1)
  26 cane toads
  2 efreet (D:15)
  11 komodo dragons
  2 freezing wraiths (Vaults:2)
  10 yaktaurs
  A komodo dragon (shapeshifter) (Vaults:2)
  2 kobold demonologists (Bailey)
  2 redback zombies
  2 polar bears (Lair:6)
  2 tengu conjurers
  5 tyrant leeches (Lair:6)
  12 merfolk
  A jumping spider (shapeshifter) (Vaults:3)
  8 trolls
  A wolf spider simulacrum (D:15)
  4 hornets
  6 wind drakes
  11 blink frogs (Lair:6)
  22 slime creatures
  5 snapping turtles
  A fire giant simulacrum (Vaults:3)
  A blink frog (shapeshifter) (Vaults:2)
  2 dream sheep (Shoals:3)
  A centaur simulacrum (D:15)
  44 yaks
  4 water elementals
  Eustachio (D:5)
  A human (shapeshifter) (Vaults:3)
  5 wraiths
  3 wyverns
  2 hogs (Lair:6)
  3 basilisks
  10 vampire mosquitoes
  Menkaure (D:6)
  A naga (shapeshifter) (D:14)
  2 wargs
  45 nagas
  2 acid dragons
  21 water moccasins
  2 ice beasts
  3 black bears
  A sky beast (D:9)
  37 orc warriors
  A phantom (D:7)
  A hornet zombie (D:14)
  2 eyes of draining
  26 ogres
  7 wolves
  15 centaurs
  2 big kobolds (D:7)
  22 bullfrogs
  An earth elemental (Volcano)
  7 scorpions
  16 killer bees
  22 wights
  3 electric eels (Snake:1)
  7 howler monkeys
  A bullfrog zombie (D:9)
  A quasit (D:9)
  3 hounds
  3 jellies
  8 centaur skeletons
  23 orc priests
  28 orc wizards
  4 bullfrog skeletons
  An iguana (D:11)
  Ijyb (D:3)
  5 hell rats (Lair:5)
  8 worker ants
  A hound skeleton (D:4)
  A worker ant zombie (D:10)
  A howler monkey skeleton (D:9)
  10 gnolls
  21 adders
  3 white imps
  An ufetubus (D:10)
  2 adder skeletons
  2 worms
  2 dart slugs (D:2)
  3 leopard geckos
  65 orcs
  5 ball pythons
  5 bats
  4 giant cockroaches
  18 goblins
  10 hobgoblins
  13 jackals
  16 kobolds
  5 quokkas
  5 frilled lizards
  7 rats
1163 creatures vanquished.

Vanquished Creatures (collateral kills)
  Kirke (Lair:6)
  A stone giant (Vaults:2)
  4 hydras
  2 two-headed ogres (D:9)
  Erica (Orc:1)
  A death yak (Lair:4)
  A shadow wraith (Vaults:3)
  3 harpies (Shoals:1)
  A cyclops (Shoals:1)
  4 cane toads
  A komodo dragon (Lair:4)
  3 blink frogs (Lair:6)
  6 slime creatures
  3 dream sheep (Shoals:1)
  4 wraiths (Lair:4)
  2 yaks (Lair:5)
  2 hogs (Lair:6)
  A naga (Snake:1)
  3 orc warriors (Orc:1)
  A water moccasin (D:9)
  2 bullfrogs
  A nameless horror (D:9)
  An orc wizard (Orc:1)
  An orc priest (Orc:1)
  3 orcs (Orc:1)
53 creatures vanquished.

Vanquished Creatures (others)
  A deep elf knight (Vaults:2)
  A naga mage (Snake:2)
  An orc priest (Orc:1)
  A bush (Shoals:1)
  48 fungi
  169 plants
  4 tentacles (Shoals:4)
225 creatures vanquished.

Grand Total: 1441 creatures vanquished

Notes
Turn   | Place    | Note
-------+----------+-------------------------------------------
     0 | D:1      | wilfster70 the Gnoll Ice Elementalist began the quest for
                  | the Orb.
     0 | D:1      | Reached XP level 1. HP: 13/13 MP: 6/6
    64 | D:1      | Found a broken altar of Ashenzari.
    68 | D:1      | Became a worshipper of Ashenzari the Shackled
   263 | D:1      | Reached XP level 2. HP: 13/19 MP: 7/7
   751 | D:1      | Reached XP level 3. HP: 25/25 MP: 5/9
   755 | D:1      | Learned a level 3 spell: Frozen Ramparts
   759 | D:1      | Learned a level 3 spell: Ozocubu's Armour
   809 | D:2      | Reached skill level 5 in Spellcasting
   899 | D:2      | Reached skill level 1 in Invocations
  1052 | D:2      | Reached skill level 1 in Fighting
  1052 | D:2      | Reached skill level 1 in Short Blades
  1052 | D:2      | Reached skill level 1 in Long Blades
  1052 | D:2      | Reached skill level 1 in Axes
  1052 | D:2      | Reached skill level 1 in Maces & Flails
  1052 | D:2      | Reached skill level 1 in Polearms
  1052 | D:2      | Reached skill level 1 in Staves
  1052 | D:2      | Reached skill level 1 in Slings
  1052 | D:2      | Reached skill level 1 in Bows
  1052 | D:2      | Reached skill level 1 in Crossbows
  1052 | D:2      | Reached skill level 1 in Throwing
  1052 | D:2      | Reached skill level 1 in Armour
  1052 | D:2      | Reached skill level 1 in Shields
  1052 | D:2      | Reached skill level 1 in Unarmed Combat
  1052 | D:2      | Reached skill level 1 in Evocations
  1073 | D:2      | Reached XP level 4. HP: 32/32 MP: 11/11
  1527 | D:3      | Reached skill level 1 in Conjurations
  1527 | D:3      | Reached skill level 1 in Hexes
  1527 | D:3      | Reached skill level 1 in Summonings
  1527 | D:3      | Reached skill level 1 in Necromancy
  1527 | D:3      | Reached skill level 1 in Translocations
  1527 | D:3      | Reached skill level 1 in Transmutations
  1527 | D:3      | Reached skill level 1 in Fire Magic
  1527 | D:3      | Reached skill level 1 in Air Magic
  1527 | D:3      | Reached skill level 1 in Earth Magic
  1527 | D:3      | Reached skill level 1 in Poison Magic
  1689 | D:3      | Found a sparkling altar of Nemelex Xobeh.
  1936 | D:3      | Reached XP level 5. HP: 35/37 MP: 8/12
  2229 | D:3      | Noticed Ijyb
  2293 | D:3      | Killed Ijyb
  2444 | D:4      | Found an iron altar of Okawaru.
  2445 | D:4      | Noticed an ogre
  2512 | D:4      | Reached XP level 6. HP: 39/44 MP: 9/13
  2524 | D:4      | Reached skill level 5 in Dodging
  2527 | D:4      | Found a hazy altar of Hepliaklqana.
  2700 | D:4      | Reached skill level 2 in Fighting
  2984 | D:4      | Reached XP level 7. HP: 37/50 MP: 4/15
  3715 | D:5      | Entered Level 5 of the Dungeon
  4010 | D:5      | Noticed Eustachio
  4046 | D:5      | Killed Eustachio
  4047 | D:5      | Reached skill level 5 in Stealth
  4342 | D:5      | Reached XP level 8. HP: 39/57 MP: 13/16
  4648 | D:6      | Got the falchion "Bisade" {vorpal, rElec Int+3}
  4652 | D:6      | Identified the +9 falchion "Bisade" {vorpal, rElec Int+3}
                  | (You found it on level 6 of the Dungeon)
  4795 | D:6      | Found a staircase to the Ecumenical Temple.
  4822 | D:6      | Found a transporter.
  4824 | D:6      | Noticed pablopetrus's ghost (novice HuBr)
  4825 | D:6      | Noticed a wraith
  4838 | D:6      | Found a transporter.
  4930 | D:6      | Noticed Menkaure
  4939 | D:6      | Killed Menkaure
  4940 | D:6      | Reached skill level 3 in Fighting
  5549 | D:7      | Reached * piety under Ashenzari
  5557 | D:7      | Reached XP level 9. HP: 45/65 MP: 14/18
  5571 | D:7      | Learned a level 4 spell: Summon Ice Beast
  6068 | D:7      | Reached skill level 4 in Fighting
  6735 | D:8      | Found Xopteit's Book Boutique.
  7528 | D:9      | Reached skill level 5 in Invocations
  7863 | D:9      | Reached XP level 10. HP: 59/73 MP: 16/20
  7870 | D:9      | Reached skill level 5 in Fighting
  7870 | D:9      | Reached skill level 5 in Short Blades
  7870 | D:9      | Reached skill level 5 in Long Blades
  7870 | D:9      | Reached skill level 5 in Axes
  7870 | D:9      | Reached skill level 5 in Maces & Flails
  7870 | D:9      | Reached skill level 5 in Polearms
  7870 | D:9      | Reached skill level 5 in Staves
  7870 | D:9      | Reached skill level 5 in Slings
  7870 | D:9      | Reached skill level 5 in Bows
  7870 | D:9      | Reached skill level 5 in Crossbows
  7870 | D:9      | Reached skill level 5 in Throwing
  7870 | D:9      | Reached skill level 5 in Armour
  7870 | D:9      | Reached skill level 5 in Shields
  7870 | D:9      | Reached skill level 5 in Unarmed Combat
  7870 | D:9      | Reached skill level 5 in Evocations
  8077 | D:9      | Noticed a two-headed ogre
  8189 | D:9      | Reached ** piety under Ashenzari
  8324 | D:9      | Killed a two-headed ogre
  8461 | D:10     | Entered Level 10 of the Dungeon
  8461 | D:10     | Noticed a two-headed ogre
  8473 | D:9      | Killed a two-headed ogre
  9122 | D:11     | Found a portal to a secret trove of treasure.
  9131 | Trove    | Entered a treasure trove
  9158 | Trove    | Got the trident "Neonaop" {protect, Dex+2 Stlth+}
  9176 | Trove    | Identified the cursed ring "Ysepid" {Will+ Slay+3}
  9176 | Trove    | Identified the cursed ring of Tomorrow {+Fly Dex+4 Stlth+}
  9176 | Trove    | Identified the ring "Leujun" {rC+ rCorr}
  9254 | D:10     | Identified the +5 trident "Neonaop" {protect, Dex+2 Stlth+}
                  | (You found it in a treasure trove)
  9588 | D:11     | Got the trident of Debt {freeze, Str+4 Dex+5}
  9590 | D:11     | Identified the +8 trident of Debt {freeze, Str+4 Dex+5}
                  | (You found it on level 11 of the Dungeon)
  9735 | D:10     | Reached XP level 11. HP: 66/81 MP: 22/22
  9741 | D:10     | Reached skill level 6 in Fighting
  9741 | D:10     | Reached skill level 5 in Conjurations
  9741 | D:10     | Reached skill level 5 in Hexes
  9741 | D:10     | Reached skill level 5 in Summonings
  9741 | D:10     | Reached skill level 5 in Necromancy
  9741 | D:10     | Reached skill level 5 in Translocations
  9741 | D:10     | Reached skill level 5 in Transmutations
  9741 | D:10     | Reached skill level 5 in Fire Magic
  9741 | D:10     | Reached skill level 5 in Air Magic
  9741 | D:10     | Reached skill level 5 in Earth Magic
  9741 | D:10     | Reached skill level 5 in Poison Magic
  9741 | D:10     | Reached XP level 12. HP: 74/89 MP: 22/24
  9742 | D:10     | Reached skill level 7 in Fighting
  9742 | D:10     | Reached XP level 13. HP: 80/96 MP: 22/26
  9831 | D:10     | Found a staircase to the Lair.
 10752 | Lair:1   | Entered Level 1 of the Lair of Beasts
 10760 | Lair:1   | Found a transporter.
 10761 | Lair:1   | Identified the +3 trident of Duty {antimagic, +Fly rElec
                  | rF+}
 10766 | Lair:1   | Found a bloodstained altar of Trog.
 10772 | Lair:1   | Found a transporter.
 10774 | Lair:1   | Noticed ZZKoverts's ghost (journeyman HaHu)
 11238 | Lair:1   | Noticed Fannar
 11273 | Lair:1   | Killed Fannar
 11642 | Lair:2   | Found a staircase to the Shoals.
 12474 | Lair:2   | Found a staircase to the Snake Pit.
 12667 | Lair:2   | Reached skill level 8 in Fighting
 13956 | Lair:3   | Reached *** piety under Ashenzari
 14168 | D:8      | Identified the +1 robe "Umacvyng" {Rampage rN+ Str+3}
 14210 | D:8      | Bought a book of Dreams for 975 gold pieces
 14216 | D:8      | Learned a level 5 spell: Borgnjor's Vile Clutch
 14664 | Lair:4   | Noticed Josephine
 15010 | Lair:4   | Identified the ring "Heac" {*Tele rN+ Int-5 Dex+2}
 15049 | Lair:4   | Reached skill level 10 in Ice Magic
 15523 | Lair:4   | Killed Josephine
 16394 | Lair:5   | Reached **** piety under Ashenzari
 16635 | Lair:5   | Found a viscous altar of Jiyva.
 16636 | Lair:5   | Found a staircase to the Slime Pits.
 16653 | Lair:5   | Reached XP level 14. HP: 106/106 MP: 23/27
 16719 | Lair:5   | Reached skill level 10 in Spellcasting
 17570 | Lair:5   | Reached skill level 10 in Dodging
 17583 | Lair:5   | Reached skill level 9 in Fighting
 18036 | Lair:6   | Entered Level 6 of the Lair of Beasts
 18180 | Lair:6   | Reached skill level 10 in Stealth
 18550 | Lair:6   | Noticed Kirke
 18597 | Lair:5   | Reached skill level 10 in Invocations
 18829 | Lair:6   | Killed Kirke
 20233 | Lair:6   | Reached XP level 15. HP: 101/114 MP: 17/29
 20709 | Lair:6   | Reached ***** piety under Ashenzari
 21057 | Lair:6   | Identified the cursed +1 spear "Fimytyn" {venom, rElec
                  | Int+3}
 21902 | D:11     | Noticed Nergalle
 21911 | D:11     | Killed Nergalle
 22183 | D:11     | Identified the +11 mace of Quirru {vorpal, +Blink +Rage
                  | Dex-5 SInv}
 23214 | D:11     | Learned a level 8 spell: Ignition
 23243 | D:11     | Reached skill level 10 in Fighting
 23493 | D:11     | HP: 3/115 [troll (12)]
 24280 | D:12     | Reached skill level 10 in Short Blades
 24280 | D:12     | Reached skill level 10 in Long Blades
 24280 | D:12     | Reached skill level 10 in Axes
 24280 | D:12     | Reached skill level 10 in Maces & Flails
 24280 | D:12     | Reached skill level 10 in Polearms
 24280 | D:12     | Reached skill level 10 in Staves
 24280 | D:12     | Reached skill level 10 in Slings
 24280 | D:12     | Reached skill level 10 in Bows
 24280 | D:12     | Reached skill level 10 in Crossbows
 24280 | D:12     | Reached skill level 10 in Throwing
 24280 | D:12     | Reached skill level 10 in Armour
 24280 | D:12     | Reached skill level 10 in Shields
 24280 | D:12     | Reached skill level 10 in Unarmed Combat
 24280 | D:12     | Reached skill level 10 in Evocations
 25040 | D:12     | Found a staircase to the Orcish Mines.
 25272 | Orc:1    | Entered Level 1 of the Orcish Mines
 25490 | Orc:1    | Noticed Harold
 25498 | Orc:1    | Killed Harold
 25973 | Orc:1    | Noticed Snorg
 25999 | Orc:1    | Killed Snorg
 26124 | Orc:1    | Noticed Erica
 26135 | Orc:1    | Killed Erica
 26304 | Orc:2    | Entered Level 2 of the Orcish Mines
 26328 | Orc:2    | Noticed Rupert
 26350 | Orc:2    | Found a dark tunnel.
 26378 | Volcano  | Entered a volcano
 26599 | Orc:2    | Noticed Jorgrun
 27157 | D:13     | Found a flagged portal.
 27168 | Bailey   | Entered a bailey
 27206 | Bailey   | Found an iron altar of Okawaru.
 27416 | Bailey   | Identified a scroll of acquirement
 27421 | Bailey   | Acquired the cursed ring of Analaam {Will+ Int+4}
 28895 | D:14     | Reached XP level 16. HP: 124/124 MP: 31/31
 28964 | D:14     | Reached ****** piety under Ashenzari
 29013 | D:14     | Found Diuguot's General Store.
 29041 | D:14     | Reached skill level 11 in Fighting
 29558 | D:14     | Found a white marble altar of Elyvilon.
 29614 | D:14     | Found a glowing golden altar of the Shining One.
 29724 | D:14     | Found a gate to the Vaults.
 29840 | D:15     | Entered Level 15 of the Dungeon
 31040 | D:15     | Found a staircase to the Depths.
 31699 | Shoals:1 | Entered Level 1 of the Shoals
 31932 | Shoals:1 | Reached skill level 12 in Fighting
 33163 | Shoals:1 | Reached XP level 17. HP: 119/133 MP: 28/33
 34255 | Shoals:2 | Noticed a titan
 34980 | Shoals:3 | Reached skill level 13 in Fighting
 35666 | Shoals:4 | Entered Level 4 of the Shoals
 35888 | Shoals:4 | Reached skill level 10 in Conjurations
 35888 | Shoals:4 | Reached skill level 10 in Hexes
 35888 | Shoals:4 | Reached skill level 10 in Summonings
 35888 | Shoals:4 | Reached skill level 10 in Necromancy
 35888 | Shoals:4 | Reached skill level 10 in Translocations
 35888 | Shoals:4 | Reached skill level 10 in Transmutations
 35888 | Shoals:4 | Reached skill level 10 in Fire Magic
 35888 | Shoals:4 | Reached skill level 10 in Air Magic
 35888 | Shoals:4 | Reached skill level 10 in Earth Magic
 35888 | Shoals:4 | Reached skill level 10 in Poison Magic
 36689 | Shoals:4 | Got a barnacled rune of Zot
 36953 | Orc:2    | Found a shimmering altar of Xom.
 36962 | Orc:2    | Killed Rupert
 37126 | Orc:2    | Killed Jorgrun
 37153 | Orc:2    | Found a staircase to the Elven Halls.
 37292 | Orc:2    | Found Fomocave's Magic Scroll Shoppe.
 37293 | Orc:2    | Found Tuawnopn's Assorted Antiques.
 37598 | Orc:2    | Reached XP level 18. HP: 83/140 MP: 10/34
 37898 | Orc:2    | Found Oguska's Jewellery Shoppe.
 37907 | Orc:2    | Found Vovvab's Jewellery Shop.
 38004 | Orc:2    | Bought the ring of Iqimaos {rPois rN+ Will+ Int+3} for 474
                  | gold pieces
 38015 | Orc:2    | Bought a leatherbound book for 405 gold pieces
 38017 | Orc:2    | Bought a scroll of enchant weapon for 97 gold pieces
 38227 | D:8      | Bought a book of Party Tricks for 650 gold pieces
 38234 | D:8      | Learned a level 6 spell: Invisibility
 38242 | D:8      | Learned a level 7 spell: Spellforged Servitor
 38250 | D:8      | Learned a level 6 spell: Iron Shot
 38699 | Snake:1  | Entered Level 1 of the Snake Pit
 39339 | Snake:1  | Acquired a cursed +2 kite shield of protection
 41022 | Snake:2  | Found Qyrexkua's Magic Scroll Shop.
 41376 | Snake:3  | Reached skill level 14 in Fighting
 42619 | Snake:4  | Entered Level 4 of the Snake Pit
 44314 | Snake:4  | Reached XP level 19. HP: 141/153 MP: 26/36
 44640 | Snake:4  | Got a serpentine rune of Zot
 45577 | Vaults:1 | Entered Level 1 of the Vaults
 46456 | Vaults:1 | Reached skill level 15 in Fighting
 46788 | Vaults:1 | Identified the +9 triple crossbow "Vodob" {venom, rF+
                  | Stlth+}
 48629 | Vaults:2 | Reached XP level 20. HP: 152/163 MP: 19/37
 50839 | Vaults:3 | Killed from afar by a lich

Illustrated notes

Levels and vault maps discovered:
D:1:      giann_forest_graveyard, layout_rooms, serial_curves, eino_curves_03,
          eino_curves_03, hangedman_abyss_or_decor_stabs,
          nicolae_ashenzari_panopticon
D:2:      layout_rooms
D:3:      layout_basic, chequers_decorated_corner, nemelex_spade_bored_becter,
          uniq_ijyb
D:4:      layout_loops_ring, nicolae_overflow_hidden_temple, okawaru_gym_becter
D:5:      layout_rooms, uniq_eustachio
D:6:      layout_loops_ring, minmay_temple_entry_sparse_star,
          gammafunk_ghost_mausoleum, uniq_menkaure
D:7:      layout_basic
D:8:      layout_loops_corners, serial_shops,
          nicolae_shop_temple_entry_statues_fountains
D:9:      layout_basic, serial_curves, eino_curves_02, eino_curves_01
D:10:     layout_irregular_city, grunt_lair_entry_orc_guard_hut
D:11:     layout_stronghold, nicolae_trove_entry_diagonal,
          lemuel_flamethrower_hall, uniq_nergalle
D:12:     layout_rooms, david_orc_4
D:13:     layout_gridville, enter_bailey_5, grunt_ministairs_2
D:14:     layout_long_grid, david_vaults_5, serial_shops, kennysheep_mini,
          tso_altar, elyvilon_altar_4
D:15:     hangedman_depths_entry_civil_slaughter, layout_stronghold
Lair:1:   layout_cave_pods, gammafunk_ghost_wrathful_warriors,
          grunt_megastairs_5, uniq_fannar
Lair:2:   layout_roguey, shoals_dummy_entry, minmay_snake_entry_six_corridors,
          beast_lair_carwin_11, lemuel_fruit_tree
Lair:3:   layout_gridlike, grunt_megastairs_1, minmay_lair_oklob_chamber
Lair:4:   layout_long_grid, uniq_josephine
Lair:5:   layout_long_grid, slime_altar_1, serial_bayou_shore_a,
          grunt_megastairs_4
Lair:6:   minmay_lair_end_frog_pond, layout_gridlike, zaba_antful_of_joy,
          uniq_kirke
Shoals:1: argonaut_golden_fleece, layout_shoals
Shoals:2: layout_shoals, st_sunken_temple
Shoals:3: layout_shoals
Shoals:4: shoals_end_grunt_ice, layout_shoals
Snake:1:  layout_basic
Snake:2:  layout_layer_cave, serial_shops, shop
Snake:3:  layout_chambers
Snake:4:  minmay_snake_end_coiled, layout_layer_cave
Orc:1:    layout_caves, uniq_harold, uniq_snorg, uniq_erica
Orc:2:    st_orc_elflike, layout_caves, basic_altar,
          lightli_volcano_entry_magma_tube, uniq_rupert, uniq_jorgrun
Vaults:1: hangedman_vaults_slice, ontoclasm_vaults_twist,
          ontoclasm_vaults_ring_small, grunt_vaults_hallway_long,
          vaults_mumra_hex, v_misc_18, v_misc_15, grunt_vaults_funnel,
          nicolae_vaults_yaktaur_gun_rack, hangedman_vaults_cutoff,
          layout_vaults_big_room
Vaults:2: hangedman_vaults_stagger, v_alt_pattern_5,
          nicolae_vaults_circle_grid_b, v_misc_28, vaults_dpeg_hooks,
          hangedman_vaults_maws, vaults_dpeg_diagonal,
          nicolae_vaults_border_crossing, vaults_room_corners,
          nicolae_vaults_little_squares_1, layout_vaults_quadrants
Vaults:3: nicolae_vaults_ring_of_whatevers, v_pattern_5, v_misc_5,
          hangedman_vaults_locks, nicolae_vaults_hallways_thing, st_more_cells,
          nicolae_vaults_little_squares_4, v_misc_26,
          minmay_crypt_entry_simple_walls, vaults_room_pool,
          layout_vaults_big_cross

Skill      XL: |  1  2  3  4  5  6  7  8  9 10 11 12 13 14 15 16 17 18 19 20 |
---------------+-------------------------------------------------------------+-----
Spellcasting   | 5 6 7 8 9 10 11 12 13 14 | 14.1
Invocations    | 1 2 3 4 5 6 7 8 9 10 11 12 13 14 | 14.4
Fighting       | 1 2 3 4 5 6 7 8 9 10 12 13 14 15 | 15.9
Short Blades   | 1 2 3 4 5 6 7 8 9 10 11 12 13 | 13.3
Long Blades    | 1 2 3 4 5 6 7 8 9 10 11 12 13 | 13.3
Axes           | 1 2 3 4 5 6 7 8 9 10 11 12 13 | 13.3
Maces & Flails | 1 2 3 4 5 6 7 8 9 10 11 12 13 | 13.3
Polearms       | 1 2 3 4 5 6 7 8 9 10 11 12 13 | 13.3
Staves         | 1 2 3 4 5 6 7 8 9 10 11 12 13 | 13.3
Slings         | 1 2 3 4 5 6 7 8 9 10 11 12 13 | 13.3
Bows           | 1 2 3 4 5 6 7 8 9 10 11 12 13 | 13.3
Crossbows      | 1 2 3 4 5 6 7 8 9 10 11 12 13 | 13.3
Throwing       | 1 2 3 4 5 6 7 8 9 10 11 12 13 | 13.3
Armour         | 1 2 3 4 5 6 7 8 9 10 11 12 13 | 13.3
Shields        | 1 2 3 4 5 6 7 8 9 10 11 12 13 | 13.3
Unarmed Combat | 1 2 3 4 5 6 7 8 9 10 11 12 13 | 13.3
Evocations     | 1 2 3 4 5 6 7 8 9 10 11 12 13 | 13.3
Conjurations   | 1 2 3 4 5 6 7 8 9 10 11 | 11.5
Hexes          | 1 2 3 4 5 6 7 8 9 10 11 | 11.5
Summonings     | 1 2 3 4 5 6 7 8 9 10 11 | 11.5
Necromancy     | 1 2 3 4 5 6 7 8 9 10 11 | 11.5
Translocations | 1 2 3 4 5 6 7 8 9 10 11 | 11.5
Transmutations | 1 2 3 4 5 6 7 8 9 10 11 | 11.5
Fire Magic     | 1 2 3 4 5 6 7 8 9 10 11 | 11.5
Air Magic      | 1 2 3 4 5 6 7 8 9 10 11 | 11.5
Earth Magic    | 1 2 3 4 5 6 7 8 9 10 11 | 11.5
Poison Magic   | 1 2 3 4 5 6 7 8 9 10 11 | 11.5
Dodging        | 5 6 7 8 9 10 11 12 13 14 | 14.0
Stealth        | 5 6 7 8 9 10 11 12 13 | 13.9
Ice Magic      | 8 9 10 11 12 13 | 13.2

Action                   |  1- 3 |  4- 6 |  7- 9 | 10-12 | 13-15 | 16-18 | 19-21 || total
-------------------------+-------+-------+-------+-------+-------+-------+-------++-------
Melee: Short sword       |    33 |    37 |       |       |       |       |       ||    70
       Bite              |     4 |    10 |    13 |    14 |   113 |   109 |    66 ||   329
       Spear             |       |    41 |    97 |       |       |       |       ||   138
       Punch             |       |     1 |     1 |     1 |       |       |       ||     3
       Falchion          |       |       |    98 |    61 |       |       |       ||   159
       Trident           |       |       |       |    50 |   879 |  1037 |   575 ||  2541
       Unarmed           |       |       |       |       |    14 |       |       ||    14
 Cast: Freeze            |     8 |     2 |       |       |       |       |       ||    10
       Frozen Ramparts   |     4 |    16 |    27 |    15 |    51 |    10 |    12 ||   135
       Ozocubu's Armour  |       |     2 |     3 |       |     2 |     1 |       ||     8
       Summon Ice Beast  |       |       |       |     9 |    48 |    12 |     5 ||    74
       Borgnjor's Vile C |       |       |       |       |   140 |   219 |   107 ||   466
       Spellforged Servi |       |       |       |       |       |     1 |     2 ||     3
Invok: Curse Item        |       |       |       |     3 |     3 |     3 |       ||     9
       Scrying           |       |       |       |       |       |     7 |       ||     7
Evoke: Wand              |       |       |     1 |       |     1 |     2 |       ||     4
  Use: Potion            |     1 |       |     1 |     2 |     3 |     4 |     1 ||    12
       Scroll            |       |       |     1 |     7 |    29 |    13 |     2 ||    52
 Stab: Sleeping          |     8 |     1 |    13 |     8 |    24 |     9 |     5 ||    68
       Distracted        |       |       |     2 |       |     4 |     6 |     1 ||    13
       Paralysed         |       |       |       |       |       |     3 |       ||     3
Armor: Leather armour    |    12 |    18 |    46 |    11 |    46 |       |       ||   133
       Acid dragon scale |       |       |       |       |    19 |       |       ||    19
       Quicksilver drago |       |       |       |       |     4 |   141 |    49 ||   194
Dodge: Dodged            |    39 |    61 |   139 |   101 |   437 |   488 |   135 ||  1400
Block: Buckler           |       |       |       |    12 |   465 |   426 |       ||   903
       Other             |       |       |       |       |     1 |       |       ||     1
       Reflection        |       |       |       |       |    43 |   143 |    31 ||   217
       Kite shield       |       |       |       |       |       |   198 |   288 ||   486
       Rpst.: Falchion   |       |       |    26 |    15 |       |       |       ||    41
